 Dungeon Crawl Stone Soup version 0.31-a0-435-g2c6fae2 (webtiles) character file.

Game seed: 888492932832075830

168 Dorkslayer the Shooter (level 5, -4/33 HPs)
             Began as an Octopode Shapeshifter on July 31, 2023.
             Slain by an orc
             ... wielding a +0 dagger
              (5 damage)
             ... on level 4 of the Dungeon.
             The game lasted 00:06:43 (2381 turns).

Dorkslayer the Shooter (Octopode Shapeshifter)      Turns: 2381, Time: 00:06:44

Health: -4/33      AC:  1    Str: 14    XL:     5   Next: 49%
Magic:  5/5        EV: 13    Int: 17    God:
Gold:   372        SH:  0    Dex: 14    Spells: 4/4 levels left

rFire   . .          .
                       - Unarmed
rCold   . . .        (no shield)
rNeg    . . .        (helmet currently unavailable)
rPois   .            n - amulet of the acrobat
rElec   .            j - +6 ring of intelligence
rCorr   .            (no ring)
SInv    .            (no ring)
Will    .....        (no ring)
Stlth   +++          (no ring)
HPRegen 0.25/turn    (no ring)
MPRegen 0.09/turn    (no ring)
                     (no ring)

%: acrobat
@: beast-form
A: beast (slay +2), almost no armour, amphibious, 8 rings, camouflage 1,
gelatinous body 1, (nimble swimmer 1), tentacles
a: Begin Untransformation


You were on level 4 of the Dungeon.
You were a hulking beast.
You visited 1 branch of the dungeon, and saw 4 of its levels.

You collected 372 gold pieces.

Inventory:

Hand Weapons
 c - a +0 orcbow
Missiles
 f - 5 silver javelins
Jewellery
 j - a +6 ring of intelligence (left tentacle)
 n - an amulet of the acrobat (around mantle)
Talismans
 b - a beast talisman (active)
Scrolls
 d - a scroll of fog {unknown}
 e - a scroll of torment {unknown}
 h - 4 scrolls of teleportation {unknown}
 k - 2 scrolls of identify {unknown}
 l - a scroll of immolation {unknown}
 m - a scroll of fear {unknown}
Potions
 a - a potion of lignification
 g - a potion of enlightenment {unknown}
 i - a potion of mutation {unknown}


   Skills:
 + Level 1.1 Fighting
 * Level 3.9 Ranged Weapons
 + Level 2.5 Dodging
 + Level 1.0 Stealth
 * Level 3.6 Unarmed Combat
 - Level 3.0 Shapeshifting


You had 4 spell levels left.
You didn't know any spells.
Your spell library contained the following spells:

 Spells                   Type           Power      Damage    Failure   Level
 Cigotuvi's Dreadful Rot  Necr/Pois/Air  0%         N/A       34%         2
 Ignite Poison            Fire/Tmut/Pois 0%         N/A       56%         3
 Ozocubu's Armour         Ice            0%         N/A       56%         3
 Freezing Cloud           Conj/Ice/Air   0%         6-21      100%        5
 Ozocubu's Refrigeration  Ice            0%         4d7       100%        7


Dungeon Overview and Level Annotations

Branches:
Dungeon (4/15)
 Temple: D:4-7

Altars:
Sif Muna
Vehumet
Xom

Annotations:
D:4 Ijyb


Innate Abilities, Weirdness & Mutations

You are a hulking beast.
Your limbs bulge with bestial killing power. (Slay +2)
You cannot wear most types of armour.
You are amphibious.
You can wear up to eight rings at the same time.
Your skin changes colour to match your surroundings (Stealth+).
Your rubbery body absorbs attacks. (AC +1, EV +1)
((You are camouflaged when in or above water. (Stealth+)))
You have tentacles for arms and can constrict up to eight enemies at once.


Message History

An orc comes into view. It is wielding a +0 dagger.
Ijyb zaps a wand.
You shrug off the repeated paralysis!
Ijyb hits you with a +0 dagger.
You can move again.
Unknown command.
You barely miss Ijyb.
The orc shouts!
Your grab misses Ijyb. Ijyb hits you with a +0 dagger.
You barely miss Ijyb. Your grab misses Ijyb. Your squeeze misses Ijyb.
The orc throws a boomerang.
The boomerang hits you. Ijyb hits you with a +0 dagger.
Unknown command.
Okay, then.
You barely miss Ijyb. Your grab misses Ijyb. Your squeeze misses Ijyb.
Ijyb zaps a wand.
You resist with some effort.
You bludgeon the orc!
You kill the orc!
Ijyb barely misses you.
You tentacle-slap Ijyb. You grab Ijyb. You squeeze Ijyb, but do no damage.
Ijyb is lightly wounded.
You constrict Ijyb, but do no damage.
Ijyb zaps a wand.
You suddenly lose the ability to move!
You lose your grip on Ijyb.
Ijyb barely misses you. The orc hits you with a +0 dagger.
Ijyb hits you with a +0 dagger. The orc hits you with a +0 dagger.
Ijyb hits you with a +0 dagger.
* * * LOW HITPOINT WARNING * * *
The orc hits you with a +0 dagger.
* * * LOW HITPOINT WARNING * * *
Ijyb screams, "Level is mine!
All mine!"
Ijyb hits you with a +0 dagger.
* * * LOW HITPOINT WARNING * * *
The orc hits you with a +0 dagger.
* * * LOW HITPOINT WARNING * * *
You can move again.
Unknown command.
You tentacle-slap the orc. You grab the orc.
The orc is moderately wounded.
You constrict the orc, but do no damage.
Ijyb closely misses you. The orc hits you with a +0 dagger.
You die...

##.##.# ##...#.###
##......).
#.......##
#........##
#..........
#.og...... ##+##
#h...# .####...##
#.#.## #.##.....#
#.#.# #.#.......
#.#.## ##.........
#....###..........
#........#........
####..#####...<...
##.# ##.....# #.#
##...##


You could see Ijyb and an orc.

Vanquished Creatures
  An orc priest (D:3)
  Jessica (D:3)
  4 adders
  A worm (D:3)
  3 dart slugs (D:1)
  9 orcs
  5 endoplasms
  4 giant cockroaches
  6 hobgoblins
  2 jackals (D:3)
  4 kobolds
  2 quokkas (D:2)
  3 ball pythons
  6 bats
  A frilled lizard (D:1)
  5 goblins
  3 rats
60 creatures vanquished.

Vanquished Creatures (others)
  An orc wizard (D:3)
  2 endoplasms (D:3)
3 creatures vanquished.

Grand Total: 63 creatures vanquished

Notes
Turn   | Place    | Note
-------+----------+-------------------------------------------
     0 | D:1      | Dorkslayer the Octopode Shapeshifter began the quest for
                  | the Orb.
     0 | D:1      | Reached XP level 1. HP: 13/13 MP: 1/1
   121 | D:1      | Reached XP level 2. HP: 14/18 MP: 2/2
   706 | D:2      | Reached XP level 3. HP: 23/23 MP: 3/3
   798 | D:2      | Reached skill level 1 in Ranged Weapons
  1548 | D:3      | Found a radiant altar of Vehumet.
  1583 | D:3      | Found a shimmering altar of Xom.
  1600 | D:3      | Reached skill level 1 in Stealth
  1602 | D:3      | Reached XP level 4. HP: 28/28 MP: 4/4
  2068 | D:3      | Reached XP level 5. HP: 8/33 MP: 5/5
  2210 | D:3      | Noticed Jessica
  2211 | D:3      | Killed Jessica
  2219 | D:3      | Found a shimmering blue altar of Sif Muna.
  2360 | D:4      | Noticed Ijyb
  2360 | D:4      | Paralysed by Ijyb for 3 turns
  2368 | D:4      | Paralysed by Ijyb for 4 turns
  2376 | D:4      | Paralysed by Ijyb for 5 turns
  2380 | D:4      | HP: 1/33 [orc/+0 dagger (2)]
  2381 | D:4      | Slain by an orc

Illustrated notes

Levels and vault maps discovered:
D:1:      kilobyte_arrival_exit_the_forest, layout_rooms
D:2:      layout_basic, grunt_decor_mini_mirrors,
          minmay_randomly_rotated_circles
D:3:      layout_loops_ring, tgw_sif, fiery_altar_vehumet, xom_confusion_cloud,
          kennysheep_orc_chapel
D:4:      dreamdust_elfheim, layout_loops_corners,
          mainiacjoe_overflow_cross_hatched, hex_tiny, uniq_edmund, uniq_ijyb

Skill      XL: |  1  2  3  4 |
---------------+-------------+-----
Ranged Weapons | 1 3 |  3.9
Stealth        | 1 |  1.0
Fighting       | |  1.1
Dodging        | |  2.5
Unarmed Combat | |  3.6
Shapeshifting  | |  3.0

Action                     |  1- 3 |  4- 6 || total
---------------------------+-------+-------++-------
  Melee: Unarmed           |    19 |    22 ||    41
         Constrict         |     5 |     9 ||    14
         Tentacles         |     5 |     5 ||    10
         Punch             |     1 |     1 ||     2
   Fire: Orcbow            |    41 |    48 ||    89
    Use: Potion            |       |     2 ||     2
   Stab: Sleeping          |     2 |       ||     2
 Armour: Skin              |     2 |       ||     2
  Dodge: Dodged            |    15 |    12 ||    27

Table legend: (Time is in decaauts)
 A = Elapsed time spent in this place.
 B = Non-inter-level travel time spent in this place.
 C = Inter-level travel time spent in this place.
 D = Time resting spent in this place.
 E = Time spent auto-exploring this place.
 F = Levels seen in this place.
 G = Mean time per level.
                   A        B        C        D        E       F      G
               +--------+--------+--------+--------+--------+-----+--------+
         Total |   2402 |   2402 |      0 |      0 |   1778 |   4 |  600.5 |
       Dungeon |   2402 |   2402 |      0 |      0 |   1778 |   4 |  600.5 |
               +--------+--------+--------+--------+--------+-----+--------+

Top non-repeatable levels by time:
     D:2: 914 daAuts
     D:3: 807 daAuts
     D:1: 639 daAuts
     D:4: 39 daAuts
